[Event "Early-Titled-Tuesday-Blitz-August-29-2023"]
[Site "Chess.com"]
[Date "2023.08.29"]
[Round "8"]
[White "HamedWafa4"]
[Black "kinga2008"]
[Result "1-0"]
[WhiteElo "2542"]
[BlackElo "2394"]
[TimeControl "180+1"]
[EndTime "9:26:16 PDT"]
[Termination "HamedWafa4 won by resignation"]

1. e4 c5 2. Nc3 Nc6 3. Nge2 e6 4. d4 d5 5. exd5 exd5 6. g3 Nf6 7. Bg2 cxd4 8. Nxd4 Bc5 9. Nxc6 bxc6 10. O-O O-O 11.
Na4 Bd6 12. c4 dxc4 13. Bxc6 Bh3 14. Bg2 Qd7 15. Nc3 Bxg2 16. Kxg2 Rad8 17. Bg5 Qb7+ 18. Qf3 Qxb2 19. Bxf6 gxf6 20. Rab1 Qc2 21. Rbc1 Qg6 22. Ne4 Be5 23. Rxc4 Rfe8 24. Rc6 Re6 25. Rfc1 Kg7 26. h4 Rd4 27. Rxe6 fxe6 28. Nc5 f5 29. Qb7+ Kh6 30.
Re1 Rd5 31. Qc8 f4 32. Nxe6 fxg3 33. Qf8+ Kh5 34. Rxe5+ Rxe5 35. Nf4+ Kg4 36. Nxg6 hxg6 37. Qf3+ 1-0

[Event "Early-Titled-Tuesday-Blitz-August-29-2023"]
[Site "Chess.com"]
[Date "2023.08.29"]
[Round "8"]
[White "sergoy"]
[Black "skkeyan1309"]
[Result "1-0"]
[WhiteElo "2956"]
[BlackElo "2723"]
[TimeControl "180+1"]
[EndTime "9:26:18 PDT"]
[Termination "sergoy won on time"]

1. d4 Nf6 2. c4 g6 3. Nc3 Bg7 4. e4 d6 5. Nf3 O-O 6. Be2 e5 7.
O-O Nc6 8. d5 Ne7 9. b4 a5 10.
bxa5 Rxa5 11. a4 Nd7 12. Ba3 b6 13. Bb4 Ra7 14. a5 bxa5 15. Bxa5 Nc5 16. Bb4 Rxa1 17. Qxa1 Nb3 18. Qa7 Bg4 19. Nb5 c5 20. Bc3 Nd4 21.
Bxd4 exd4 22. Nfxd4 Nc8 23. Qb8 cxd4 24. Bxg4 Nb6 25.
Qxd6 Nxc4 26. Qxd8 Rxd8 27. Be2 Nd6 28. Nxd6 Rxd6 29.
f4 Rd8 30. Rd1 Kf8 31. Bf3 Rb8 32. e5 f6 33. e6 Ke7 34. Rxd4 f5 35. Rc4 Rb1+ 36.
Kf2 Rb2+ 37. Kg3 Bf6 38. Rc7+ Kd6 39. Rd7+ Kc5 40. d6 1-0

[Event "Early-Titled-Tuesday-Blitz-August-29-2023"]
[Site "Chess.com"]
[Date "2023.08.29"]
[Round "8"]
[White "cycygogne"]
[Black "Kopytkin"]
[Result "1-0"]
[WhiteElo "2247"]
[BlackElo "2353"]
[TimeControl "180+1"]
[EndTime "9:26:18 PDT"]
[Termination "cycygogne won by checkmate"]

1. e4 Nf6 2. e5 Nd5 3. d4 d6 4. f4 dxe5 5. fxe5 c5 6. dxc5 Nc6 7. Nf3 Bg4 8. Bb5 Qa5+ 9. Nc3 Nxc3 10. Bxc6+ bxc6 11. bxc3 Rd8 12. Bd2 Qxc5 13. Qe2 e6 14. h3 Bh5 15. g4 Bg6 16. Nd4 Be7 17. O-O O-O 18. Rae1 Rd5 19. Qf3 Rxe5 20. Rxe5 Qxe5 21. Nxc6 Bc5+ 22. Kg2 Qd6 23. Bf4 e5 24. Bxe5 Qe6 25. h4 h6 26. h5 Bh7 27. Rd1 Bb6 28. Rd6 Qc4 29. Ne7+ Kh8 30. Bxg7+ Kxg7 31. Qf6# 1-0

[Event "Early-Titled-Tuesday-Blitz-August-29-2023"]
[Site "Chess.com"]
[Date "2023.08.29"]
[Round "8"]
[White "madmax011"]
[Black "Quattroporte300"]
[Result "1-0"]
[WhiteElo "2296"]
[BlackElo "2407"]
[TimeControl "180+1"]
[EndTime "9:26:19 PDT"]
[Termination "madmax011 won by resignation"]

1. d4 d5 2. c4 dxc4 3. e4 e5 4. Nf3 exd4 5. Bxc4 Nf6 6. e5 Bb4+ 7. Bd2 Bxd2+ 8.
Qxd2 Nd5 9. Qxd4 c6 10. O-O O-O 11. Rd1 Be6 12. Nc3 Nd7 13. Nxd5 cxd5 14. Bxd5 Nb6 15.
Bxe6 fxe6 16. Qg4 Qe7 17. Rd6 Rae8 18. Ng5 h6 19. Nxe6 Qf7 20. Nxf8 Rxf8 21. Qg3 Qe7 22. Rad1 Rc8 23. h3 Nc4 24. Rd7 Qxe5 25. Rd8+ Rxd8 26.
Rxd8+ Kf7 27. Rd7+ Ke6 28. Qxe5+ Nxe5 29. Rxb7 g5 30.
Rxa7 Nc4 31. Ra6+ Kd5 32. Rxh6 Nxb2 33. Rg6 1-0

[Event "Early-Titled-Tuesday-Blitz-August-29-2023"]
[Site "Chess.com"]
[Date "2023.08.29"]
[Round "8"]
[White "DrDreBeats"]
[Black "WhiteKnight2612"]
[Result "0-1"]
[WhiteElo "2613"]
[BlackElo "2833"]
[TimeControl "180+1"]
[EndTime "9:26:23 PDT"]
[Termination "WhiteKnight2612 won by checkmate"]

1. e4 c5 2. Nf3 d6 3. d4 cxd4 4. Nxd4 Nf6 5. Nc3 Nc6 6. h3 e5 7. Nf3 Be6 8. Be3 Be7 9. Be2 d5 10. exd5 Nxd5 11. Nxd5 Bxd5 12. O-O O-O 13. c4 Be6 14. a3 a5 15. Qc2 f6 16. Bd3 f5 17. Rfd1 Qe8 18. c5 e4 19. Bc4 Qf7 20. Bxe6 Qxe6 21. Nd4 Qg6 22. Nxc6 bxc6 23. Rd7 Bf6 24.
Qc4+ Kh8 25. Bd4 f4 26. Bxf6 Rxf6 27. Rad1 Raf8 28. Re7 e3 29. Qe4 exf2+ 30. Kf1 Qh5 31. Rdd7 Rg8 32. Qd4 Qg5 33. Qxf2 f3 34. gxf3 Qc1+ 35.
Kg2 Rg6+ 36. Kh2 Qf4+ 37. Kh1 Qf5 38. Kh2 Qf4+ 39. Kh1 Rg3 40. Rf7 Rxh3+ 41. Kg1 Qc1+ 42. Qf1 Qg5+ 43. Kf2 Rh2+ 44. Ke1 Qc1+ 45. Rd1 Re8+ 46. Qe2 Rexe2+ 47. Kf1 Qxd1# 0-1

[Event "Early-Titled-Tuesday-Blitz-August-29-2023"]
[Site "Chess.com"]
[Date "2023.08.29"]
[Round "8"]
[White "Orest_Vovk"]
[Black "LiamPutnam2008"]
[Result "0-1"]
[WhiteElo "2567"]
[BlackElo "2811"]
[TimeControl "180+1"]
[EndTime "9:26:24 PDT"]
[Termination "LiamPutnam2008 won by checkmate"]

1. e4 Nf6 2. Nc3 Nc6 3. Nf3 e5 4. Bc4 Nxe4 5. Nxe4 d5 6. Bd3 f5 7. Bb5 fxe4 8. Nxe5 Qf6 9. Nxc6 bxc6 10. Be2 Bc5 11.
O-O O-O 12. d3 Bxf2+ 13. Kh1 Qh4 14. dxe4 dxe4 15. Bc4+ Kh8 16. Be3 Bg4 17. Bxf2 Rxf2 18. Qe1 Raf8 19. Qxe4 h6 20. Rxf2 Qxf2 21. Qxg4 Qxc2 22.
Rf1 Rxf1+ 23. Bxf1 Qb1 24. Qc8+ Kh7 25. Qf8 Qd1 26. h3 c5 27. Qf5+ Kh8 28. Kh2 Qd6+ 29. g3 Qd2+ 30. Bg2 Qxb2 31. Qxc5 Qxa2 32. Qxc7 a5 33. Qc8+ Kh7 34. Qf5+ Kh8 35. h4 a4 36. Kh3 Qg8 37. Bd5 Qd8 38. Be4 Kg8 39. Qe6+ Kh8 40. Bd5 a3 41. Ba2 Qf8 42. Qb3 Qf1+ 43. Kh2 Qf2+ 44.
Kh3 Qf1+ 45. Kg4 h5+ 46. Kxh5 Qf5# 0-1

[Event "Early-Titled-Tuesday-Blitz-August-29-2023"]
[Site "Chess.com"]
[Date "2023.08.29"]
[Round "8"]
[White "kasun_bole"]
[Black "GeorgiosSouleidis"]
[Result "0-1"]
[WhiteElo "2345"]
[BlackElo "2572"]
[TimeControl "180+1"]
[EndTime "9:26:25 PDT"]
[Termination "GeorgiosSouleidis won by resignation"]

1. d4 Nf6 2. c4 g6 3. Nc3 Bg7 4.
e4 d6 5. Nf3 O-O 6. Be2 e5 7.
O-O Bg4 8. d5 a5 9. Be3 Na6 10.
Nd2 Bd7 11. a3 h5 12. f3 Nh7 13. Rb1 Nc5 14. b4 axb4 15. axb4 Na4 16. Nxa4 Bxa4 17. Qc1 Bd7 18. c5 f5 19. c6 bxc6 20. dxc6 Be6 21.
Bc4 Qe7 22. b5 Nf6 23. b6 cxb6 24. Rxb6 fxe4 25. fxe4 Ng4 26. Bxe6+ Qxe6 27. Rxf8+ Bxf8 28. c7 Nxe3 29. Rb8 Qg4 30. g3 Qe2 31. Qf1 Nxf1 32. c8=Q Qe3+ 33. Kxf1 Rxb8 34. Qxb8 Qxd2 35. Qe8 Qd3+ 36.
Kf2 Qxe4 37. Qe6+ Kh7 38. Qf7+ Bg7 39. h4 Qf5+ 0-1

[Event "Early-Titled-Tuesday-Blitz-August-29-2023"]
[Site "Chess.com"]
[Date "2023.08.29"]
[Round "8"]
[White "C_K_G"]
[Black "Apocalyps999"]
[Result "0-1"]
[WhiteElo "2000"]
[BlackElo "2320"]
[TimeControl "180+1"]
[EndTime "9:26:25 PDT"]
[Termination "Apocalyps999 won by resignation"]

1. e4 e5 2. Nf3 Nc6 3. Bc4 Nf6 4. Ng5 d5 5. exd5 Na5 6. Bb5+ c6 7. dxc6 bxc6 8. Qf3 cxb5 9. Qxa8 Qc7 10. Qf3 Nc6 11. c3 Bg4 12. Qg3 Nd4 13. f3 Nc2+ 14.
Kd1 Bf5 15. d3 Nxa1 16. Re1 Bd6 17. Ne4 Nxe4 18. fxe4 Bg6 19. Nd2 Qa5 20. a3 Qa4+ 21. Ke2 Nc2 22. Rf1 O-O 23. Nf3 f6 24. Qg4 f5 25.
Qh3 fxe4 26. Nh4 exd3+ 27. Kd2 Rxf1 28. Qe6+ Bf7 29. Qxd6 Qf4+ 30. Kxd3 Rd1+ 0-1

[Event "Early-Titled-Tuesday-Blitz-August-29-2023"]
[Site "Chess.com"]
[Date "2023.08.29"]
[Round "8"]
[White "Kostukov_Alex"]
[Black "Mihaiionescu1"]
[Result "1-0"]
[WhiteElo "2373"]
[BlackElo "2486"]
[TimeControl "180+1"]
[EndTime "9:26:30 PDT"]
[Termination "Kostukov_Alex won by checkmate"]

1. g3 d5 2. Bg2 Nf6 3. d3 e5 4. e4 dxe4 5. dxe4 Qxd1+ 6. Kxd1 Nc6 7. f3 Be6 8. Be3 O-O-O+ 9. Nd2 h5 10. Bh3 Bxh3 11.
Nxh3 Be7 12. c3 Nd7 13. Ke2 f6 14. b4 Nb6 15. a4 a5 16. b5 Nb8 17. Nf2 Rd6 18.
Bxb6 cxb6 19. Nc4 Re6 20. Rhd1 Nd7 21. Rd5 Rd8 22. Nd3 Kb8 23. Rd1 Rc8 24. Ne3 Nc5 25. Nxc5 Bxc5 26. Nc4 Be7 27. Kd3 Rd8 28. f4 exf4 29.
gxf4 Bd6 30. e5 fxe5 31. fxe5 Be7 32. Rxd8+ Bxd8 33. Ke4 Kc7 34. Kf5 Re8 35. Nd6 Rf8+ 36. Ke6 Rf2 37. Rd4 Rxh2 38. Rc4+ Kb8 39. Rc8+ Ka7 40.
Rxd8 Rc2 41. c4 h4 42. Nc8+ Kb8 43. Nd6+ Kc7 44. Rc8# 1-0

[Event "Early-Titled-Tuesday-Blitz-August-29-2023"]
[Site "Chess.com"]
[Date "2023.08.29"]
[Round "8"]
[White "Ariadna_Atreides"]
[Black "sorch29"]
[Result "0-1"]
[WhiteElo "2229"]
[BlackElo "2366"]
[TimeControl "180+1"]
[EndTime "9:26:33 PDT"]
[Termination "sorch29 won on time"]

1. d4 Nf6 2. Nf3 g6 3. c4 Bg7 4. Nc3 d6 5. e4 O-O 6. Be2 e5 7. d5 a5 8. h3 h6 9. Be3 Na6 10. Qd2 Kh7 11. g4 Nd7 12. Qc2 Ndc5 13. Nd2 Nb4 14. Qb1 a4 15. Nf1 f5 16. exf5 gxf5 17.
Ng3 e4 18. gxf5 Nbd3+ 19. Kf1 Bxc3 20. bxc3 Bxf5 21. Bg4 Bg6 22. Kg2 Qf6 23. Rf1 Qxc3 24. Qd1 Nf4+ 25. Kh2 Ncd3 26. h4 Qe5 27. Rb1 b6 28.
Kh1 h5 29. Be2 Qf6 30. Bxf4 Nxf4 0-1

[Event "Early-Titled-Tuesday-Blitz-August-29-2023"]
[Site "Chess.com"]
[Date "2023.08.29"]
[Round "8"]
[White "garfield_pg"]
[Black "DeArron_Fox"]
[Result "1-0"]
[WhiteElo "2383"]
[BlackElo "2475"]
[TimeControl "180+1"]
[EndTime "9:26:34 PDT"]
[Termination "garfield_pg won by resignation"]

1. d4 d5 2. Bf4 Nf6 3. e3 c5 4. c3 Nc6 5. Nd2 Bf5 6. Ngf3 e6 7. Qb3 Qc8 8. c4 cxd4 9. Nxd4 Nxd4 10. exd4 a6 11.
c5 Be7 12. Be2 O-O 13. O-O Nd7 14. Rfc1 Qc6 15. Qc3 b6 16. b4 bxc5 17. bxc5 Bf6 18.
Nb3 Rfc8 19. a4 Nf8 20. Ra2 Qe8 21. Bf3 Ng6 22. Bd6 Rc6 23. Na5 Rcc8 24. g3 e5 25.
Bxd5 exd4 26. Qf3 Be6 27. Re2 Ra7 28. Rce1 Qd7 29. Bxe6 fxe6 30. Rxe6 Qf7 31. Nc4 Rd7 32.
Nb6 Rcd8 33. Nxd7 Qxd7 34. Qd5 Kh8 35. c6 Qc8 36. c7 Rg8 37. Qc6 h5 38. Re8 Qh3 39.
Rxg8+ Kh7 40. c8=Q 1-0

[Event "Early-Titled-Tuesday-Blitz-August-29-2023"]
[Site "Chess.com"]
[Date "2023.08.29"]
[Round "8"]
[White "supertfc"]
[Black "Pax-Pramana"]
[Result "0-1"]
[WhiteElo "2350"]
[BlackElo "2494"]
[TimeControl "180+1"]
[EndTime "9:26:35 PDT"]
[Termination "Pax-Pramana won on time"]

1. e4 c5 2. Nf3 e6 3. d4 cxd4 4.
Nxd4 Nf6 5. Nc3 Nc6 6. Be2 Bb4 7. O-O Bxc3 8. bxc3 Nxe4 9. Qd3 Nc5 10. Qg3 O-O 11.
Bh6 Qf6 12. Bg5 Qg6 13. Nxc6 bxc6 14. Be7 Ne4 15. Qxg6 hxg6 16. Bxf8 Nxc3 17. Bd6 Nxe2+ 18. Kh1 Ba6 19. Rfb1 Nc3 20. Rb8+ Rxb8 21. Bxb8 Nb5 22. a4 Nd4 23. c3 Nb3 24. Ra3 Bc4 25. Bxa7 Nd2 26.
a5 Ba6 27. Be3 Nc4 28. Ra2 Kf8 29. h3 Ke7 30. Bc5+ d6 31. Be3 Kd7 32. Ra1 c5 33.
Rb1 Kc7 34. Ra1 Kc6 35. Bc1 Kb5 36. Rb1+ Kxa5 37. Rb8 Ne5 38. Rg8 Nd3 39. Be3 Ka4 40. Rxg7 Ne5 41. h4 Be2 42. Bf4 Ng4 43. f3 Nf2+ 44. Kg1 Nd3 45. Be3 Kb3 46. Rxf7 Ne5 47. Rf6 Bc4 0-1

[Event "Early-Titled-Tuesday-Blitz-August-29-2023"]
[Site "Chess.com"]
[Date "2023.08.29"]
[Round "8"]
[White "Arteler"]
[Black "MusicCityMaster"]
[Result "0-1"]
[WhiteElo "2227"]
[BlackElo "2434"]
[TimeControl "180+1"]
[EndTime "9:26:36 PDT"]
[Termination "MusicCityMaster won on time"]

1. e4 c5 2. Nf3 d6 3. Bb5+ Nd7 4. O-O a6 5. Bxd7+ Bxd7 6. h3 Nf6 7. Nc3 e5 8. d3 Be7 9. Nh2 O-O 10. f4 exf4 11.
Bxf4 Bc6 12. Ng4 d5 13. Ne5 Rc8 14. Nxc6 Rxc6 15. e5 Ne8 16. Qf3 Nc7 17. Kh1 Rg6 18. a4 Qd7 19. Bh2 Bg5 20. a5 Bd2 21. Na4 Ne6 22. Nb6 Qd8 23. Qxd5 Bxa5 24. Nd7 Bc7 25. c4 Re8 26. Rac1 b6 27. Qc6 Re7 28. Nf6+ gxf6 29.
exf6 Rd7 30. Rce1 Rxf6 0-1

[Event "Early-Titled-Tuesday-Blitz-August-29-2023"]
[Site "Chess.com"]
[Date "2023.08.29"]
[Round "8"]
[White "Herman-NY"]
[Black "twofoxniel"]
[Result "0-1"]
[WhiteElo "2454"]
[BlackElo "2653"]
[TimeControl "180+1"]
[EndTime "9:26:38 PDT"]
[Termination "twofoxniel won on time"]

1. e4 d5 2. exd5 Nf6 3. Nc3 Nxd5 4. Bc4 Nb6 5. Bb3 Nc6 6. Qf3 e6 7. Nge2 Be7 8. d3 O-O 9. h4 Na5 10. g4 Nxb3 11. axb3 Nd5 12. g5 Nb4 13. Kd1 Bd7 14. Rg1 Bc6 15. Qg3 Bd6 16. Bf4 Re8 17. Ra5 b6 18. Re5 a5 19. Nd4 Bb7 20. g6 hxg6 21.
h5 Qf6 22. hxg6 fxg6 23. Ncb5 Nd5 24. Nxd6 Nxf4 25. Nxe8 Qxe5 26. Nxc7 Qxd4 0-1

[Event "Early-Titled-Tuesday-Blitz-August-29-2023"]
[Site "Chess.com"]
[Date "2023.08.29"]
[Round "8"]
[White "YEIKO2017"]
[Black "crazy_m_attack"]
[Result "1-0"]
[WhiteElo "2463"]
[BlackElo "2335"]
[TimeControl "180+1"]
[EndTime "9:26:39 PDT"]
[Termination "YEIKO2017 won on time"]

1. e4 e5 2. Nf3 Nc6 3. Bb5 a6 4.
Ba4 Nf6 5. d4 exd4 6. O-O b5 7.
Bb3 Be7 8. e5 Ne4 9. Bd5 Nc5 10.
Nxd4 O-O 11. Bxc6 dxc6 12. Nxc6 Qe8 13. Nxe7+ Qxe7 14. Re1 Bb7 15. Qg4 Rfe8 16. Nc3 b4 17.
Qxb4 Rab8 18. Be3 Nd7 19. Qxe7 Rxe7 20. Bf4 h6 21. h4 Nc5 22. Rad1 Ne6 23. Bg3 Bc6 24.
b3 Rb4 25. Nd5 Bxd5 26. Rxd5 g6 27. c4 c5 28. Red1 a5 29. f4 a4 30. R5d3 Nd4 31. Bf2 Ne2+ 32. Kh2 Nxf4 33. Bxc5 1-0

[Event "Early-Titled-Tuesday-Blitz-August-29-2023"]
[Site "Chess.com"]
[Date "2023.08.29"]
[Round "8"]
[White "rochaaaaaaaaaa"]
[Black "LeoLV10"]
[Result "0-1"]
[WhiteElo "2236"]
[BlackElo "2491"]
[TimeControl "180+1"]
[EndTime "9:26:40 PDT"]
[Termination "LeoLV10 won on time"]

1. e4 c5 2. Nf3 e6 3. d4 cxd4 4. Nxd4 a6 5. Bd3 Bc5 6. Nb3 Ba7 7. Qe2 Nc6 8. Be3 d6 9. Nc3 Nge7 10. O-O-O b5 11.
f4 Qc7 12. Bxa7 Nxa7 13. e5 d5 14. Nd4 Bd7 15. Qg4 g6 16. Kb1 b4 17. Nce2 Nb5 18.
h4 Qb6 19. h5 gxh5 20. Qxh5 Nxd4 21. Nxd4 Qxd4 22. f5 Qc5 23. f6 Nc6 24. Rde1 Rf8 25. Qxh7 Kd8 26. g4 Kc7 27. g5 a5 28. g6 fxg6 29. Qxg6 a4 30. f7 a3 31. Bf5 exf5 32. e6 Bxe6 33. Qxe6 Qd4 34. c3 Qd3+ 35. Ka1 axb2+ 0-1

[Event "Early-Titled-Tuesday-Blitz-August-29-2023"]
[Site "Chess.com"]
[Date "2023.08.29"]
[Round "8"]
[White "RAMBO1STBLOOD"]
[Black "Biregina"]
[Result "0-1"]
[WhiteElo "2256"]
[BlackElo "2425"]
[TimeControl "180+1"]
[EndTime "9:26:40 PDT"]
[Termination "Biregina won by resignation"]

1. e4 b6 2. d4 Bb7 3. Bd3 e6 4. f3 Qh4+ 5. g3 Qh5 6. Be3 c5 7. c3 Nc6 8. dxc5 Bxc5 9. Bxc5 bxc5 10. Nd2 Nge7 11. Nc4 O-O 12. Nd6 Rab8 13. Nxb7 Rxb7 14. Qd2 d5 15. O-O-O d4 16. g4 Qh4 17. Ne2 dxc3 18.
Nxc3 Nd4 19. Qe3 e5 20. Bc4 Rfb8 21. b3 Rb4 22. Nd5 Nxd5 23. exd5 Qf6 24. Rhf1 Qb6 25. Qd3 a5 26. f4 a4 27. fxe5 axb3 28. d6 bxa2 29.
Bxf7+ Kh8 30. Bxa2 Ra4 31. Rd2 Qa5 32. Rdf2 Qa8 33.
Rf7 Rxa2 0-1

[Event "Early-Titled-Tuesday-Blitz-August-29-2023"]
[Site "Chess.com"]
[Date "2023.08.29"]
[Round "8"]
[White "masenik"]
[Black "fireheart92"]
[Result "0-1"]
[WhiteElo "2437"]
[BlackElo "2938"]
[TimeControl "180+1"]
[EndTime "9:26:44 PDT"]
[Termination "fireheart92 won on time"]

1. e4 g6 2. d4 Nf6 3. Nc3 d5 4. e5 Nh5 5. g4 Ng7 6. Bg2 c6 7. Be3 h5 8. h3 Qb6 9. Rb1 Na6 10.
a3 Nc7 11. Qf3 Nge6 12. Nge2 Bd7 13. gxh5 Rxh5 14. Ng3 Rh4 15. Nce2 Nb5 16. O-O Nbxd4 17. Nxd4 Nxd4 18. Qd1 Bh6 19. Bxh6 Rxh6 20. c4 dxc4 21.
Qc1 Rh8 22. Qxc4 Be6 23. Qc3 O-O-O 24. b4 Bxh3 25. Rbc1 Bxg2 26. Kxg2 Qb5 27. Qc4 Qxc4 28. Rxc4 a6 29. Ne4 Rd5 30. Ng5 Rf8 31. f4 f6 32.
exf6 exf6 33. Ne4 Nf5 34. Rf3 Nh4+ 35. Kg3 Nxf3 36. Kxf3 Rd3+ 37. Ke2 Rxa3 38. Nc5 Re8+ 39. Kf2 Rd8 40. Ke2 b6 41. Ne4 f5 42. Ng5 Kb7 43. Nf7 Re8+ 44. Ne5 g5 45. Kf2 gxf4 46. Nf7 Rd3 47. Rxf4 Re4 48. Rxf5 Rxb4 49. Ne5 Rb2+ 50. Ke1 Rh3 51. Rf7+ Kc8 52. Rf8+ Kc7 0-1

[Event "Early-Titled-Tuesday-Blitz-August-29-2023"]
[Site "Chess.com"]
[Date "2023.08.29"]
[Round "8"]
[White "Mikhail_Golubev"]
[Black "stepanosinovsky"]
[Result "0-1"]
[WhiteElo "2542"]
[BlackElo "2315"]
[TimeControl "180+1"]
[EndTime "9:26:44 PDT"]
[Termination "stepanosinovsky won on time"]

1. e4 e5 2. Nf3 Nc6 3. Bc4 Nf6 4. Ng5 d5 5. exd5 Na5 6. Bb5+ c6 7. dxc6 bxc6 8. Bd3 Nd5 9. Nf3 Bd6 10. O-O O-O 11. Re1 Qc7 12. Nc3 f5 13. Ng5 e4 14.
Ncxe4 fxe4 15. Nxe4 Bxh2+ 16. Kh1 Bf5 17. Qh5 Be5 18. g3 Bg6 19. Qh2 Rae8 20. Rb1 Nb7 21. b4 Nd6 22. Ba3 Nxe4 23. Bxe4 Bxe4+ 24. Rxe4 Bxg3 25.
fxg3 Rxe4 26. d3 Re6 27. c4 Rh6 0-1

[Event "Early-Titled-Tuesday-Blitz-August-29-2023"]
[Site "Chess.com"]
[Date "2023.08.29"]
[Round "8"]
[White "CraiggoryC"]
[Black "joksijoksi"]
[Result "0-1"]
[WhiteElo "2187"]
[BlackElo "2462"]
[TimeControl "180+1"]
[EndTime "9:26:44 PDT"]
[Termination "joksijoksi won on time"]

1. e4 e5 2. Nc3 Nc6 3. f4 exf4 4.
Nf3 g5 5. g3 h6 6. d4 Bb4 7. d5 Nb8 8. Qd4 Bxc3+ 9. Qxc3 Qf6 10. e5 Qb6 11. gxf4 g4 12. Be3 Qg6 13. Bd3 Qh5 14.
Qxc7 Na6 15. Bxa6 bxa6 16. Nd4 g3 17. Kd2 gxh2 18. Raf1 Ne7 19. Rf2 Nxd5 20. Qd6 Nxe3 21. Kxe3 Qh3+ 22. Kd2 Qg4 23. Rfxh2 Qxf4+ 24. Kd3 Bb7 25. Rh4 Be4+ 26. Ke2 Qg3 27. Rxe4 Qg2+ 28. Kd3 Qxh1 29.
Nf5 Qf3+ 30. Kd4 Qxf5 31. e6 fxe6 0-1

[Event "Early-Titled-Tuesday-Blitz-August-29-2023"]
[Site "Chess.com"]
[Date "2023.08.29"]
[Round "8"]
[White "VerdeNotte"]
[Black "isaak2009"]
[Result "1-0"]
[WhiteElo "2891"]
[BlackElo "2554"]
[TimeControl "180+1"]
[EndTime "9:26:45 PDT"]
[Termination "VerdeNotte won by checkmate"]

1. e4 c6 2. d4 d5 3. Nc3 dxe4 4. Nxe4 Bf5 5. Ng3 Bg6 6. h4 h6 7. h5 Bh7 8. Nf3 Nd7 9. Bd3 Bxd3 10. Qxd3 Ngf6 11.
Bd2 e6 12. O-O-O Qc7 13. Ne4 Be7 14. g3 Nxe4 15. Qxe4 Nf6 16. Qe2 Bd6 17. Kb1 O-O-O 18. Ne5 Kb8 19. Nc4 Ka8 20. Nxd6 Qxd6 21. Bf4 Qd5 22.
Be5 Rhg8 23. g4 Nd7 24. Bc7 Rc8 25. c4 Qg5 26. Bd6 Nb6 27. Rh3 f5 28. f3 fxg4 29. fxg4 Rgd8 30. c5 Nd5 31. Ra3 b5 32. cxb6 Nxb6 33.
Qa6 Rd7 34. Qxb6 Qxg4 35. Rc1 Qe4+ 36. Ka1 Rb7 37. Qc5 Qe2 38. Qc2 Qxh5 39. Bc5 e5 40. Qa4 Qg5 41. Rb1 Rcc7 42. d5 cxd5 43. Qe8+ Rb8 44. Qc6+ Rbb7 45. Rxa7+ Kb8 46. Qe8+ Rc8 47.
Ra8+ Kxa8 48. Qxc8+ Rb8 49. Qa6# 1-0

[Event "Early-Titled-Tuesday-Blitz-August-29-2023"]
[Site "Chess.com"]
[Date "2023.08.29"]
[Round "8"]
[White "wadsy27"]
[Black "topin8"]
[Result "1-0"]
[WhiteElo "2612"]
[BlackElo "2484"]
[TimeControl "180+1"]
[EndTime "9:26:45 PDT"]
[Termination "wadsy27 won on time"]

1. Nf3 c5 2. c4 Nc6 3. Nc3 g6 4. g3 Bg7 5. Bg2 e5 6. O-O Nge7 7. d3 O-O 8. a3 a5 9. Ne1 d6 10. Nc2 Be6 11. Ne3 Rb8 12. Ned5 b6 13. Rb1 Qd7 14.
b4 axb4 15. axb4 cxb4 16. Nxb4 Nxb4 17. Rxb4 d5 18. cxd5 Nxd5 19. Nxd5 Bxd5 20. Bxd5 Qxd5 21. Be3 b5 22. Qb3 Qxb3 23. Rxb3 Rfc8 24. Rfb1 Rc2 25. Rxb5 Rxb5 26. Rxb5 h6 27. Kf1 f5 28. h4 Ra2 29.
Rb8+ Kf7 30. Rb7+ Kg8 31. Ra7 Rb2 32. f3 Rb4 33. Kf2 f4 34. Bc5 Rb5 35. Rc7 fxg3+ 36. Kxg3 Bf6 37. e4 Rb3 38. Rd7 Rb2 39. Be7 Bg7 40. Bd6 Rb3 41. Bc7 Rb7 42. Kg4 Rb3 43. h5 gxh5+ 44. Kxh5 Rb2 45. Rxg7+ Kxg7 46. Bxe5+ 1-0

[Event "Early-Titled-Tuesday-Blitz-August-29-2023"]
[Site "Chess.com"]
[Date "2023.08.29"]
[Round "8"]
[White "ChessArchitect64"]
[Black "fabianvivasz"]
[Result "1-0"]
[WhiteElo "2275"]
[BlackElo "2423"]
[TimeControl "180+1"]
[EndTime "9:26:45 PDT"]
[Termination "ChessArchitect64 won by checkmate"]

1. c4 Nf6 2. Nc3 g6 3. d4 d5 4. cxd5 Nxd5 5. e4 Nxc3 6. bxc3 Bg7 7. Ba3 Nd7 8. Bc4 c5 9. Nf3 O-O 10. O-O Nb6 11. Bb3 cxd4 12. cxd4 Bg4 13. e5 Qd7 14. h3 Be6 15. Bxe6 Qxe6 16. Ng5 Qf5 17. f4 Rfe8 18.
d5 Rad8 19. d6 exd6 20. Bxd6 Nc4 21. g4 Qd7 22. Rc1 Ne3 23. Qb3 Nxf1 24. Rc7 Nd2 25. Qxb7 Qa4 26. Rxf7 Qd4+ 27. Kg2 Bh6 28. Rxh7 Rf8 29.
Rh8+ Kxh8 30. Qh7# 1-0

[Event "Early-Titled-Tuesday-Blitz-August-29-2023"]
[Site "Chess.com"]
[Date "2023.08.29"]
[Round "8"]
[White "CSB7"]
[Black "MathiasWomacka"]
[Result "1/2-1/2"]
[WhiteElo "2685"]
[BlackElo "2475"]
[TimeControl "180+1"]
[EndTime "9:26:46 PDT"]
[Termination "Game drawn by repetition"]

1. d4 Nf6 2. Nf3 e6 3. c4 Bb4+ 4. Nbd2 O-O 5. a3 Be7 6. e4 d5 7. e5 Nfd7 8. Bd3 c5 9. h4 g6 10.
h5 cxd4 11. cxd5 exd5 12. Nb3 Nc6 13. e6 fxe6 14. hxg6 Nde5 15. Nxe5 Nxe5 16. Qh5 Nxd3+ 17. Kd2 Bg5+ 18. Kxd3 h6 19. f4 Rxf4 20. Bxf4 Bxf4 21. Rhf1 Qg5 22. Qxg5 hxg5 23. g3 Bxg3 24. Rf7 e5 25. Rh1 Be6 26. Rfh7 Bf5+ 27. Kd2 Rf8 28. Rh8+ Kg7 29.
R1h7+ Kxg6 30. Rxf8 Bf4+ 31. Ke1 Bg3+ 32. Kd2 Bf4+ 33.
Ke1 Bg3+ 34. Kd2 1/2-1/2

[Event "Early-Titled-Tuesday-Blitz-August-29-2023"]
[Site "Chess.com"]
[Date "2023.08.29"]
[Round "8"]
[White "scandalgod"]
[Black "Iunusovnuriddin"]
[Result "0-1"]
[WhiteElo "2495"]
[BlackElo "2307"]
[TimeControl "180+1"]
[EndTime "9:26:48 PDT"]
[Termination "Iunusovnuriddin won by resignation"]

1. d4 Nf6 2. c4 g6 3. Nc3 Bg7 4. e4 d6 5. Be2 O-O 6. f4 c5 7. d5 e6 8. Nf3 exd5 9. cxd5 Re8 10. e5 dxe5 11. fxe5 Ng4 12. e6 fxe6 13. Bg5 Qb6 14.
Qd2 Na6 15. d6 Bd7 16. O-O c4+ 17. Kh1 Rac8 18. Ne4 Qxb2 19. Rab1 Qxd2 20. Nfxd2 c3 21. Nc4 Bc6 22. Rf4 Bxe4 23. Rxe4 Nf2+ 24. Kg1 Nxe4 25. Be7 Nac5 26. Bf3 Bd4+ 27. Kf1 b5 28. Rd1 bxc4 29. d7 Nxd7 30. Bxe4 Rxe7 31. Rxd4 Nf6 32. Bc2 Rd7 33. Rf4 Rd2 0-1

[Event "Early-Titled-Tuesday-Blitz-August-29-2023"]
[Site "Chess.com"]
[Date "2023.08.29"]
[Round "8"]
[White "AsaHoffmann"]
[Black "Pilopa"]
[Result "0-1"]
[WhiteElo "2350"]
[BlackElo "2685"]
[TimeControl "180+1"]
[EndTime "9:26:48 PDT"]
[Termination "Pilopa won by resignation"]

1. d4 d6 2. e4 Nf6 3. f3 e5 4.
Ne2 c6 5. Nbc3 b5 6. Be3 b4 7. Na4 Qa5 8. b3 Nbd7 9. Qd2 d5 10. Ng3 dxe4 11. Nxe4 Nxe4 12. fxe4 Be7 13. Bc4 O-O 14.
O-O exd4 15. Bxd4 Ne5 16. Nb2 Bc5 17. Bxc5 Qxc5+ 18. Kh1 Nxc4 19. Nxc4 Be6 20. Qe3 Qxe3 21. Nxe3 Rfd8 22. Rfd1 a5 23. h3 Kf8 24. Kg1 a4 25.
Kf2 Rxd1 26. Rxd1 axb3 27. axb3 Ra2 28. Kf3 Ke7 29. g4 Kf6 30. h4 h6 31. Rd6 c5 32.
Rc6 Ra5 33. e5+ Ke7 34. Ke4 g6 35. g5 hxg5 36. hxg5 Kd7 37. Rd6+ Kc7 38. Nd5+ Kb7 39. Rb6+ Ka7 40. Rd6 Bf5+ 41. Kf4 Ra1 42. Ne7 Bxc2 43. Rf6 Bxb3 44. Nc6+ Ka8 45. Nd8 Rf1+ 46. Ke3 Rxf6 47. exf6 Bd5 48. Kd3 b3 49. Kc3 Kb8 0-1